 Dungeon Crawl Stone Soup version 0.29.1-15-g9cfb28693d (webtiles) character file.

Game seed: 11192281802520022054

1197 Twinkles the Nimble (level 8, -2/39 HPs)
             Began as a Felid Summoner on Nov 26, 2022.
             Was an Initiate of Gozag.
             Killed by divine providence
             ... invoked by an orc priest
              (12 damage)
             ... on level 3 of the Dungeon on Apr 7, 2023.
             The game lasted 01:36:33 (14574 turns).

Twinkles the Nimble (Felid Summoner)               Turns: 14574, Time: 01:36:33

Health: -2/39      AC:  2    Str:  4    XL:     8   Next: 20%
Magic:  19/19      EV: 23    Int: 20    God:    Gozag
Gold:   436        SH:  0    Dex: 18    Spells: 8/21 levels left
                                        Lives:  0   Deaths: 3

rFire   . . .      SeeInvis +   (weapon unavailable)
rCold   . . .      Faith    .   (shield unavailable)
rNeg    . . .      Spirit   .   (body armour unavailable)
rPois   +          Reflect  .   (helmet unavailable)
rElec   .          Harm     .   (cloak unavailable)
rCorr   +          Rampage  .   (gloves unavailable)
Will    +....                   (boots unavailable)
Stlth   ++........              (no amulet)
HPRegen 0.13/turn               v - ring of resist corrosion
MPRegen 0.16/turn               g - ring of poison resistance

@: quick
A: very small, claws 1, fangs 3, see invisible, speed 1, shaggy fur 2, stealthy
paws, no weapons or thrown items, no armour, multi-lived
a: Renounce Religion, Potion Petition, Call Merchant, Bribe Branch


You were on level 3 of the Dungeon.
You worshipped Gozag.
Gozag was aware of your devotion.
You visited 2 branches of the dungeon, and saw 11 of its levels.

You collected 609 gold pieces.
You paid 173 gold pieces to Gozag.

Inventory:

Jewellery
 g - a ring of poison resistance (right paw)
 l - an amulet of faith
 v - a ring of resist corrosion (left paw)
 E - a ring of ice
Wands
 k - a wand of digging (1)
 q - a wand of polymorph (11)
 s - a wand of roots (4)
 u - a wand of acid (15)
 z - a wand of flame (19)
Scrolls
 c - a scroll of amnesia
 i - 2 scrolls of summoning {unknown}
 j - 2 scrolls of teleportation
 r - a scroll of fear
 t - a scroll of blinking
 x - 2 scrolls of noise {unknown}
 y - a scroll of vulnerability {unknown}
 A - a scroll of poison {unknown}
Potions
 a - 2 potions of magic
 b - a potion of haste
 d - a potion of lignification
 e - 5 potions of mutation
 f - 2 potions of brilliance
 h - 2 potions of attraction
 m - 2 potions of resistance
 n - 2 potions of curing
 o - 3 potions of heal wounds
 p - 2 potions of might
 w - a potion of flight {unknown}
 C - 2 potions of berserk rage {unknown}
 D - 3 potions of cancellation


   Skills:
 + Level 6.4 Fighting
 + Level 9.0 Dodging
 - Level 2.6 Stealth
 + Level 7.0 Spellcasting
 - Level 5.0 Hexes
 + Level 8.4 Summonings
 + Level 4.7 Air Magic


You had 8 spell levels left.
You knew the following spells:

 Your Spells              Type           Power      Damage    Failure   Level
a - Summon Small Mammal   Summ           100%       N/A       1%          1
b - Call Imp              Summ           40%        N/A       1%          2
c - Call Canine Familiar  Summ           40%        N/A       1%          3
d - Summon Guardian Gole  Hex/Summ       33%        N/A       1%          3
e - Summon Lightning Spi  Summ/Air       33%        N/A       6%          4

Your spell library contained the following spells:

 Spells                   Type           Power      Damage    Failure   Level
 Leda's Liquefaction      Hex/Erth       8%         N/A       32%         4
 Portal Projectile        Hex/Tloc       Unusable   N/A       N/A         3

Dungeon Overview and Level Annotations

Branches:
Dungeon (10/15)            Temple (1/1) D:7            Lair (0/5) D:8
    Orc: D:9-12

Altars:
Ashenzari
Dithmenos
Elyvilon
Fedhas
Gozag
Hepliaklqana
Kikubaaqudgha
Makhleb
Nemelex Xobeh
Okawaru
Ru
Sif Muna
Uskayaw
Vehumet
Wu Jian
Xom
Yredelemnul
Zin
The Shining One

Shops:
D:1 =   D:3 (   D:8 [

Annotations:
D:5 2 transporters, Xeneth's ghost, novice MiFi
D:7 2 transporters, lambentLogic's ghost, novice KoEn


Innate Abilities, Weirdness & Mutations

You have sharp claws.
You have razor-sharp teeth.
You have supernaturally acute eyesight. (SInv)
You cover ground quickly. (Speed+)
You are covered in thick fur. (AC +2)
Your paws help you pounce on unaware monsters.
You are incapable of wielding weapons or throwing items.
You cannot wear armour.
You gain extra lives every three experience levels.


Message History

There is a stone staircase leading up, spattered with blood here.
You climb upwards.
HP restored.
There is a stone staircase leading down here.
There is a stone staircase leading up here.
You climb upwards.
Level annotation: 2 transporters, Xeneth's ghost, novice MiFi
There is a stone staircase leading down here.
There is a stone staircase leading up here.
You climb upwards.
There is a stone staircase leading down here.
There is a stone staircase leading up here.
You climb upwards.
There is a stone staircase leading down here.
There is a fountain of clear blue water here.
There is an escape hatch in the floor here.
The orc priest shouts!
The orc priest calls down the wrath of Beogh upon you.
Beogh smites you!
The orc priest mumbles some strange prayers to Beogh against you.
You resist with significant effort.
The orc priest calls down the wrath of Beogh upon you.
Pain shoots through your body!
You are too injured to fight recklessly!
You are too injured to fight recklessly!
You are too injured to fight recklessly!
You barely miss the orc priest.
The orc priest hits you with a +0 short sword.
You scratch the orc priest but do no damage.
Your bite misses the orc priest. The orc priest completely misses you.
You scratch the orc priest but do no damage.
The orc priest hits you with a +0 short sword.
* * * LOW HITPOINT WARNING * * *
You scratch the orc priest but do no damage.
The orc priest misses you.
You scratch the orc priest but do no damage.
You claw the orc priest, but do no damage.
The orc priest mumbles some strange prayers to Beogh against you.
Beogh smites you!
You die...
Your body crumbles into a pile of gold.

...<......####...........#.......
.......#### ###...#####.......#.
.......# #####..########......
.......# #.........####..##...
.......# #..............##....
.......######.........#######.#.#
.......##.............# #...#
###.#..##.###....o....# ##.#.#
###.......###...@.....######..#.#
......................##........#
#...###...##..##########......#.#
#.#)#)#.#.###.####### #.>....#.#
#...#.#...###..>....####...)<.#..
.###...###.....####.8.8.8........
.#.#.#.#.#.#...# #..⌠.⌠..#######
.##.#.#.##.....# #.8.∩.8##
#..#.#.#..###..# #..⌠.⌠.#


You could see an orc priest.

Vanquished Creatures
  An orc priest (D:10)
  A white imp (D:5)
  5 orcs
  A bat (D:1)
8 creatures vanquished.

Vanquished Creatures (collateral kills)
  A yak (D:9)
  A water moccasin (D:7)
  A sky beast (D:7)
  A centaur (D:9)
  A kobold brigand (D:9)
  A bullfrog (D:7)
  A scorpion (D:6)
  A wight (D:6)
  5 killer bees
  4 howler monkeys
  3 hounds
  2 jellies
  2 orc priests
  2 iguanas
  7 orc wizards
  3 gnolls (D:3)
  4 adders
  3 white imps
  3 dart slugs
  30 orcs
  5 ball pythons
  4 bats
  7 endoplasms
  A giant cockroach (D:3)
  8 goblins
  9 hobgoblins
  6 jackals
  A quokka (D:4)
  2 frilled lizards
  7 kobolds
  5 rats
131 creatures vanquished.

Vanquished Creatures (others)
  Maurice (D:8)
  A komodo dragon (D:8)
  2 hornets (D:9)
  Grinder (D:6)
  A wyvern (D:5)
  A steam dragon (D:9)
  2 yaks (D:9)
  Edmund (D:5)
  A water moccasin (D:9)
  2 orc warriors
  A sky beast (D:8)
  An ice beast (D:5)
  2 black bears (D:5)
  A centaur (D:7)
  2 ogres
  6 wights
  4 killer bees (D:10)
  An orc priest (D:10)
  3 iguanas
  3 orc wizards
  5 orcs
  4 goblins (D:9)
  21 plants (D:8)
67 creatures vanquished.

Grand Total: 206 creatures vanquished

Notes
Turn   | Place    | Note
-------+----------+-------------------------------------------
     0 | D:1      | Twinkles the Felid Summoner began the quest for the Orb.
     0 | D:1      | Reached XP level 1. HP: 7/7 MP: 4/4
   658 | D:1      | Reached XP level 2. HP: 11/11 MP: 3/6
   661 | D:1      | Learned a level 2 spell: Call Imp
   938 | D:1      | Found Xoma's Jewellery Shop.
  1511 | D:2      | Found a burning altar of Makhleb.
  1527 | D:2      | Reached XP level 3. HP: 14/14 MP: 4/8
  1587 | D:2      | Learned a level 3 spell: Call Canine Familiar
  2180 | D:3      | Found a shimmering altar of Xom.
  2295 | D:3      | Reached XP level 4. HP: 18/18 MP: 3/9
  2304 | D:3      | Reached skill level 5 in Summonings
  2651 | D:3      | Found Gutitos's Weapon Shop.
  3475 | D:3      | Learned a level 3 spell: Summon Guardian Golem
  3598 | D:4      | Reached skill level 1 in Hexes
  3598 | D:4      | Reached XP level 5. HP: 21/21 MP: 1/11
  3917 | D:4      | Identified the +5 dagger of Darkness {holy, Dex+3}
  3928 | D:4      | Reached skill level 3 in Dodging
  3940 | D:4      | Reached skill level 1 in Fighting
  4064 | D:4      | Gained mutation: You are covered in thick fur. (AC +2)
                  | [Felid growth]
  4064 | D:4      | Reached XP level 6. HP: 25/25 MP: 12/12
  5174 | D:5      | Entered Level 5 of the Dungeon
  5174 | D:5      | Noticed a wyvern
  5424 | D:5      | Noticed an ice beast
  5495 | D:5      | Noticed Edmund
  6030 | D:5      | Killed an ice beast
  6031 | D:5      | Reached skill level 4 in Dodging
  6158 | D:5      | Noticed Grinder
  6507 | D:5      | Killed a wyvern
  6508 | D:5      | Reached XP level 7. HP: 30/30 MP: 12/14
  6709 | D:5      | Found a transporter.
  6758 | D:5      | Found a transporter.
  6777 | D:5      | Noticed Xeneth's ghost (novice MiFi)
  7042 | D:5      | Reached skill level 5 in Dodging
  7060 | D:5      | Killed Edmund
  7061 | D:5      | Reached XP level 8. HP: 34/34 MP: 6/16
  7065 | D:5      | Paralysed by Grinder for 5 turns
  7320 | D:6      | Reached skill level 5 in Hexes
  7379 | D:6      | Learned a level 4 spell: Summon Lightning Spire
  7439 | D:6      | Paralysed by Grinder for 3 turns
  7459 | D:6      | Killed Grinder
  7460 | D:6      | Reached skill level 5 in Spellcasting
  7460 | D:6      | Reached skill level 1 in Air Magic
  7689 | D:6      | Reached skill level 6 in Dodging
  9418 | D:7      | Found a staircase to the Ecumenical Temple.
  9424 | Temple   | Entered the Ecumenical Temple
  9629 | D:7      | Engulfed by a steam dragon's steam
  9630 | D:7      | Reached XP level 7. HP: 0/33 MP: 16/16
  9746 | D:7      | Reached XP level 8. HP: 36/36 MP: 10/17
  9886 | D:7      | Found a transporter.
  9890 | D:7      | Found a transporter.
  9891 | D:7      | Noticed lambentLogic's ghost (novice KoEn)
 10536 | D:7      | Found an ornate altar of the Wu Jian Council.
 10771 | D:7      | Reached skill level 7 in Dodging
 11155 | D:8      | You fall into a shaft and drop 1 floor!
 11156 | D:9      | Found a flagged portal.
 11408 | D:8      | Found a staircase to the Lair.
 11409 | D:8      | Noticed a komodo dragon
 11534 | D:8      | Reached skill level 5 in Fighting
 11707 | D:8      | Found Fyifum's Antique Armour Boutique.
 11751 | D:8      | Noticed Maurice
 11931 | D:8      | Killed a komodo dragon
 12062 | D:8      | Killed Maurice
 12063 | D:8      | Reached XP level 9. HP: 40/40 MP: 15/19
 12259 | D:8      | Reached skill level 8 in Dodging
 12738 | D:9      | Found an ancient bone altar of Kikubaaqudgha.
 12741 | D:9      | Found a blossoming altar of Fedhas.
 13714 | D:9      | Found a broken altar of Ashenzari.
 14034 | D:9      | Found a glowing silver altar of Zin.
 14056 | D:9      | Found an opulent altar of Gozag.
 14062 | D:9      | Became a worshipper of Gozag Ym Sagoz the Greedy
 14142 | D:10     | Entered Level 10 of the Dungeon
 14203 | D:10     | Reached XP level 10. HP: 45/45 MP: 12/21
 14220 | D:10     | Noticed a two-headed ogre
 14247 | D:10     | Killed from afar by an orc priest
 14248 | D:10     | Reached XP level 9. HP: -8/42 MP: 6/20
 14309 | D:10     | Reached skill level 9 in Dodging
 14356 | D:10     | Killed from afar by an orc priest
 14357 | D:10     | Reached XP level 8. HP: 0/39 MP: 10/19
 14379 | D:10     | Upgraded the game from 0.29.1-2-gbd0b4ee654 to
                  | 0.29.1-13-g9f3cf754e1
 14379 | D:10     | Upgraded the game from 0.29.1-13-g9f3cf754e1 to
                  | 0.29.1-15-g9cfb28693d
 14574 | D:3      | Killed from afar by an orc priest

Illustrated notes

Levels and vault maps discovered:
D:1:      eino_arrival_cavern_a, layout_loops_ring, serial_shops,
          nicolae_shop_hallway_plus
D:2:      layout_basic, basic_altar, chequers_arboretum
D:3:      layout_rooms, amcnicky_altar_gilded, serial_shops,
          nicolae_shop_temple_entry_statues_fountains, eino_tiny_chamber,
          roderic_roman_lattice, minmay_starry_boxes
D:4:      layout_layer_cave
D:5:      layout_gridville, gammafunk_ghost_smash, due_unseen_surprise,
          uniq_edmund, uniq_grinder
D:6:      layout_layer_cave
D:7:      layout_rooms, mainiacjoe_overflow_alcove_4,
          minmay_temple_entry_arrows, gammafunk_ghost_hive
D:8:      layout_loops_cross, david_lair_shrubbed, serial_shops, shop,
          uniq_maurice
D:9:      layout_grid_maze, grunt_temple_overflow_growth_and_decay,
          pdpol_temple_overflow_zin_treasury_gozag_greed,
          evilmike_ruin_ashenzari, enter_bailey_3
D:10:     layout_small_grid, tgw_trog, mainiacjoe_overflow_brackets,
          mainiacjoe_overflow_cross_hatched, hiddenorc2_lemuel,
          kennysheep_generic_room_8
Temple:   nicolae_temple_hex_pool

Skill      XL: |  1  2  3  4  5  6  7  8  9 |
---------------+----------------------------+-----
Spellcasting   | 3 4 6 7 |  7.0
Summonings     | 5 6 7 8 |  8.4
Hexes          | 1 2 3 4 5 |  5.0
Dodging        | 3 4 5 7 9 |  9.0
Fighting       | 1 2 3 5 6 |  6.4
Air Magic      | 3 4 |  4.7
Stealth        | |  2.6

Action                   |  1- 3 |  4- 6 |  7- 9 | 10-12 || total
-------------------------+-------+-------+-------+-------++-------
Melee: Unarmed           |     9 |     1 |    74 |       ||    84
       Bite              |     1 |       |    11 |       ||    12
       Punch             |       |       |     2 |       ||     2
 Cast: Summon Small Mamm |    30 |     7 |    11 |       ||    48
       Call Imp          |    15 |    17 |    16 |     1 ||    49
       Call Canine Famil |     7 |    25 |    67 |       ||    99
       Summon Guardian G |       |     7 |    59 |     2 ||    68
       Summon Lightning  |       |       |    17 |     1 ||    18
  Use: Scroll            |       |     7 |    10 |       ||    17
       Potion            |       |       |       |     1 ||     1
 Stab: Distracted        |       |       |     3 |       ||     3
Armor: Skin              |     4 |     2 |     5 |       ||    11
Dodge: Dodged            |    14 |    16 |   125 |       ||   155
